AoeStats
← [RZ] HardZeeiRa-BR

Arabia

508737410Analyzed
1v1 RM · 9d ago on Sep 23, 2026· 42m 48s· 2 players
Game mode
Random Map
Map size
Tiny (2 player)
Population
200
Speed
Normal
Resources
Standard
Victory
Conquest
Starting age
Dark Age
Ending age
Imperial Age
RankedLock teamsTeams togetherTeam positionsShared explorationLock speedFull tech treeHidden civsTurbo modeCheats
Victory
Defeat
🇲🇽 Teutons · Mexico
1228
+15
🇧🇷 Franks · Brazil
1215
-15
[RZ] HardZeeiRa-BR
5:24 Loom
6:09 Loom
8:46 Feudal Age
10:17 Double-Bit Axe
24:55 Castle Age
24:30 Forging
24:58 Scale Barding Armor
30:58 Chain Barding Armor
34:57 Crossbowman
reybrujo
2:00 Loom
9:53 Feudal Age
10:02 Man-at-Arms
11:02 Arson
19:15 Double-Bit Axe
24:18 Castle Age
23:58 Scale Mail Armor
24:27 Long Swordsman
25:24 Chain Mail Armor
25:44 Bow Saw
26:01 Forging
26:11 Pikeman
28:26 Squires
30:10 Gold Mining
30:14 Stone Mining
30:45 Gambesons
35:49 Town Watch
39:07 Fletching
43:51 Iron Casting
Connection lost

Rejoining the realm…

Still unreachable

The connection could not be restored.

Session expired

The server has moved on; the page needs a fresh start.